 Dungeon Crawl Stone Soup version 0.30-a0-140-gd1020e658a (webtiles) character file.

Game seed: 10390908346602787868

36 Lolow the Digger (level 3, -12/19 HPs)
             Began as a Gargoyle Earth Elementalist on Sept 24, 2022.
             Mangled by a gnoll
             ... wielding a +0 halberd
              (14 damage)
             ... on level 2 of the Dungeon.
             The game lasted 00:12:46 (1318 turns).

Lolow the Digger (Gargoyle Earth Elementalist)      Turns: 1318, Time: 00:12:46

Health: -12/19     AC:  5    Str: 11    XL:     3   Next: 37%
Magic:  5/6        EV: 12    Int: 17    God:
Gold:   9          SH:  0    Dex: 10    Spells: 0/6 levels left

rFire   . . .      SeeInvis .    a - +2 trident (pain)
rCold   . . .      Faith    .    (no shield)
rNeg    + . .      Spirit   .    i - +0 robe
rPois   ∞          Reflect  .    (no helmet)
rElec   +          Harm     .    (no cloak)
rCorr   +          Rampage  .    (no gloves)
Will    .....                    (no boots)
Stlth   ++........               (no amulet)
HPRegen 0.06/turn                k - ring of resist corrosion
MPRegen 0.10/turn                (no ring)

@: no status effects
A: sickness immunity, AC +3, negative energy resistance 1, electricity
resistance, torment resistance 1, petrification resistance
a: no special abilities


You were on level 2 of the Dungeon.
You visited 1 branch of the dungeon, and saw 2 of its levels.

You collected 75 gold pieces.
You spent 66 gold pieces at shops.

Inventory:

Hand Weapons
 a - a +2 trident of pain (weapon)
 b - a +0 sling
 d - a +0 dagger
 e - a +0 short sword
 l - a +0 hand axe
 p - a +0 rapier
 q - a +0 spear
Armour
 i - a +0 robe (worn)
Jewellery
 k - a ring of resist corrosion (left hand)
 o - an amulet of the acrobat
Scrolls
 c - a scroll of identify {unknown}
 g - 2 scrolls of teleportation {unknown}
 n - 3 scrolls of silence {unknown}
Potions
 f - a potion of cancellation {unknown}
 h - 3 potions of curing
 j - a potion of brilliance {unknown}
 m - a potion of magic


   Skills:
 + Level 0.6 Polearms
 + Level 0.5 Ranged Weapons
 + Level 1.9 Dodging
 + Level 2.5 Stealth
 + Level 2.2 Spellcasting
 + Level 1.0 Transmutations
 + Level 3.9 Earth Magic


You couldn't memorise any spells.
You knew the following spells:

 Your Spells              Type           Power      Damage    Failure   Level
a - Sandblast             Erth           30%        2d9       3%          1
b - Passwall              Tmut/Erth      8%         N/A       10%         2
c - Stone Arrow           Conj/Erth      16%        3d8       26%         3

Your spell library contained the following spells:

 Spells                   Type           Power      Damage    Failure   Level
 Petrify                  Tmut/Erth      10%        N/A       54%         4


Dungeon Overview and Level Annotations

Branches:
Dungeon (2/15)

Altars:

Shops:
D:1 :=![*


Innate Abilities, Weirdness & Mutations

You are immune to sickness and miasma.
Your stone body is resilient. (AC +3)
You are immune to poison.
You resist negative energy. (rN+)
You are resistant to electric shocks. (rElec)
You are resistant to unholy torment.
You are immune to petrification.


Message History

q - a +0 spear
There is a stone staircase leading down here.
You climb downwards.
There is a stone staircase leading up here.
You open the door. 3 gnolls come into view.
The gnoll shouts! x2; You hear a shout!
The gnoll shouts!
A gnoll comes into view. It is wielding a +0 halberd.
Casting: Passwall (safe; 11% risk of failure)
Confirm with . or Enter, or press ? or * to list all spells.
Aiming: Sandblast (safe; 3% risk of failure)
Press: ? - help, Shift-Dir - straight line, f - gnoll
Aim: a gnoll, wielding a +0 spear (84% to hit)
The blast of sand hits the gnoll!
The gnoll is severely wounded.
Casting: Sandblast (safe; 3% risk of failure)
Confirm with . or Enter, or press ? or * to list all spells.
Aiming: Sandblast (safe; 3% risk of failure)
Press: ? - help, Shift-Dir - straight line, f/p - gnoll
Aim: a gnoll, wielding a +0 spear (severely wounded, 84% to hit)
The blast of sand hits the gnoll.
You kill the gnoll!
The gnoll closely misses you. The gnoll barely misses you.
You have a feeling of ineptitude.
a - a +2 trident of pain (weapon)
You barely miss the gnoll. The gnoll closely misses you.
The gnoll hits you from afar with a +0 halberd.
The gnoll closely misses you.
You barely miss the gnoll. The gnoll closely misses you.
The gnoll hits you from afar with a +0 halberd.
The gnoll hits you but does no damage. The gnoll hits you with a +0 flail.
The gnoll closely misses you.
The gnoll hits you from afar with a +0 halberd!
* * * LOW HITPOINT WARNING * * *
There is a stone staircase leading up here.
You can't go down here!
The gnoll closely misses you.
The gnoll hits you from afar with a +0 halberd!
Ouch! That really hurt!
You die...

......# .....
).. #'# #.#
#g# #.#
#.##########.
#.ggg@.......
#############


You could see 3 gnolls.

Vanquished Creatures
  A gnoll (D:2)
  An endoplasm (D:1)
  3 giant cockroaches (D:1)
  A goblin (D:1)
  A hobgoblin (D:1)
  4 jackals (D:1)
  A kobold (D:1)
  2 quokkas (D:1)
  3 ball pythons (D:1)
  2 bats (D:1)
  A frilled lizard (D:1)
  4 rats (D:1)
24 creatures vanquished.

Notes
Turn   | Place    | Note
-------+----------+-------------------------------------------
     0 | D:1      | Lolow the Gargoyle Earth Elementalist began the quest for
                  | the Orb.
     0 | D:1      | Reached XP level 1. HP: 10/10 MP: 3/3
    18 | D:1      | Found Kousiat's Jewellery Emporium.
   170 | D:1      | Found Lyereleumn's Book Boutique.
   221 | D:1      | Reached skill level 1 in Transmutations
   244 | D:1      | Reached XP level 2. HP: 15/15 MP: 3/5
   299 | D:1      | Found Dein's Armour Boutique.
   317 | D:1      | Found Kaehiege's General Store.
   335 | D:1      | Bought a potion of curing for 36 gold pieces
   610 | D:1      | Found Jiumout's Distillery.
   615 | D:1      | Bought a potion of curing for 30 gold pieces
   763 | D:1      | Reached XP level 3. HP: 19/19 MP: 4/6
   766 | D:1      | Learned a level 2 spell: Passwall
   770 | D:1      | Learned a level 3 spell: Stone Arrow
  1318 | D:2      | Mangled by a gnoll

Illustrated notes

Levels and vault maps discovered:
D:1:      minmay_arrival_floating_metal, layout_loops_ring, serial_shops,
          nicolae_shop_hallway_plus, nicolae_shop_stone,
          nicolae_shop_temple_entry_statues_fountains, shop, nicolae_shop_stone
D:2:      layout_basic, uniq_jessica, uniq_robin, uniq_crazy_yiuf_cottage

Skill      XL: |  1 |
---------------+----+-----
Transmutations | 1 |  1.0
Polearms       | |  0.6
Ranged Weapons | |  0.5
Dodging        | |  1.9
Stealth        | |  2.5
Spellcasting   | |  2.2
Earth Magic    | |  3.9

Action                   || total
-------------------------++-------
Melee: Short sword       ||     5
       Trident           ||    35
 Fire: Sling             ||    16
 Cast: Sandblast         ||    11
       Passwall          ||     3
 Stab: Sleeping          ||     4
Armor: Robe              ||    15
Dodge: Dodged            ||    47

Table legend: (Time is in decaauts)
 A = Elapsed time spent in this place.
 B = Non-inter-level travel time spent in this place.
 C = Inter-level travel time spent in this place.
 D = Time resting spent in this place.
 E = Time spent auto-exploring this place.
 F = Levels seen in this place.
 G = Mean time per level.
                   A        B        C        D        E       F      G
               +--------+--------+--------+--------+--------+-----+--------+
         Total |   1358 |   1358 |      0 |    232 |    771 |   2 |  679.0 |
       Dungeon |   1358 |   1358 |      0 |    232 |    771 |   2 |  679.0 |
               +--------+--------+--------+--------+--------+-----+--------+

Top non-repeatable levels by time:
     D:1: 1335 daAuts
     D:2: 22 daAuts
